 Dungeon Crawl Stone Soup version 0.26-a0-1205-g4083c211ab (webtiles) character file.

Game seed: 2254972753349810549

32 Gargoyl the Skirmisher (level 3, -5/35 HPs)
             Began as a Gnoll Abyssal Knight on Dec 29, 2020.
             Was a Follower of Lugonu.
             Slain by a gnoll
             ... wielding a +0 halberd
              (15 damage)
             ... on level 2 of the Dungeon.
             The game lasted 00:02:02 (913 turns).

Gargoyl the Skirmisher (Gnoll Abyssal Knight)        Turns: 913, Time: 00:02:03

Health: -5/35      AC:  4    Str: 15    XL:     3   Next: 27%
Magic:  6/6        EV: 10    Int: 14    God:    Lugonu [*.....]
Gold:   54         SH:  7    Dex: 14    Spells: 3/3 levels left

rFire    . . .     SeeInvis .   a - +1 hand axe
rCold    . . .     Faith    .   g - +0 kite shield
rNeg     . . .     Spirit   .   b - +0 leather armour
rPois    .         Reflect  .   (no helmet)
rElec    .         Harm     .   (no cloak)
rCorr    .         Rampage  .   (no gloves)
Will     .....                  f - +0 pair of boots
Stlth    +.........             d - amulet of regeneration
HPRegen  0.51/turn              (no ring)
MPRegen  0.10/turn              (no ring)

@: no status effects
A: distributed training, fangs 1, strong nose
a: Renounce Religion, Depart the Abyss


You were on level 2 of the Dungeon.
You worshipped Lugonu.
Lugonu was aware of your devotion.
You visited 1 branch of the dungeon, and saw 2 of its levels.
You visited the Abyss 1 time.

You collected 54 gold pieces.

Inventory:

Hand Weapons
 a - a +1 hand axe (weapon)
Armour
 b - a +0 leather armour (worn)
 f - a +0 pair of boots (worn)
 g - a +0 kite shield (worn)
Jewellery
 d - an amulet of regeneration (around neck)
 h - an uncursed ring of flight {unknown}
Scrolls
 e - a scroll of blinking {unknown}
 k - 2 scrolls of identify {unknown}
 m - a scroll of amnesia {unknown}
Potions
 c - a potion of flight {unknown}
 i - a potion of mutation {unknown}
 j - a potion of magic {unknown}
 l - a potion of might {unknown}


   Skills:
 + Level 6.5 Fighting
 + Level 0.7 Short Blades
 + Level 0.7 Long Blades
 + Level 4.5 Axes
 + Level 0.7 Maces & Flails
 + Level 0.7 Polearms
 + Level 0.7 Staves
 + Level 0.7 Slings
 + Level 0.7 Bows
 + Level 0.7 Crossbows
 + Level 0.7 Throwing
 + Level 4.5 Armour
 + Level 2.6 Dodging
 + Level 0.7 Stealth
 + Level 0.7 Shields
 + Level 0.7 Unarmed Combat
 + Level 0.7 Spellcasting
 + Level 0.5 Conjurations
 + Level 0.5 Hexes
 + Level 0.5 Summonings
 + Level 0.5 Necromancy
 + Level 0.5 Translocations
 + Level 0.5 Transmutations
 + Level 0.5 Fire Magic
 + Level 0.5 Ice Magic
 + Level 0.5 Air Magic
 + Level 0.5 Earth Magic
 + Level 0.5 Poison Magic
 + Level 4.5 Invocations
 + Level 0.7 Evocations


You had 3 spell levels left.
You didn't know any spells.
Your spell library was empty.

Dungeon Overview and Level Annotations

Branches:
Dungeon (2/15)

Altars:


Innate Abilities, Weirdness & Mutations

Your experience applies equally to all skills.
You have very sharp teeth.
Your uncanny sense of smell can sniff out nearby items.


Message History

You slash the gnoll!
The gnoll is heavily wounded.
You hit the gnoll.
The gnoll hits you with a +1 vampiric spear.
You block the gnoll's attack. The gnoll hits you but does no damage.
You closely miss the gnoll.
The gnoll is heavily wounded.
You barely miss the gnoll. The gnoll hits you but does no damage.
The gnoll hits you with a +0 halberd!
* * * LOW HITPOINT WARNING * * *
Unknown command.
You closely miss the gnoll.
The gnoll is heavily wounded.
You hit the gnoll. The gnoll closely misses you. The gnoll barely misses you.
Unknown command.
You barely miss the gnoll.
The gnoll is heavily wounded.
You hit the gnoll. You block the gnoll's attack.
The gnoll hits you with a +0 halberd!
You die...

#.# #.# #.#
#####.#
#<..#.#
###.#.#######
#...)......
###g#######
#g@..?.!.. ###
#..######.
#<######..#
#.........#
#.>..........#
####.........#
##......###
#......#
#........


You could see 2 gnolls.

Vanquished Creatures
  A gnoll (D:1)
  A leopard gecko (D:1)
  5 bats (D:1)
  4 hobgoblins (D:1)
  3 kobolds (D:1)
  A ball python (D:1)
  4 rats (D:1)
19 creatures vanquished.

Notes
Turn   | Place    | Note
-------+----------+-------------------------------------------
     0 | Abyss:1  | Gargoyl the Gnoll Abyssal Knight began the quest for the
                  | Orb.
     0 | Abyss:1  | Reached XP level 1. HP: 23/23 MP: 3/3
    79 | Abyss:1  | Noticed a large abomination
    81 | D:1      | Escaped the Abyss
   129 | D:1      | Reached * piety under Lugonu
   191 | D:1      | Reached XP level 2. HP: 27/29 MP: 5/5
   811 | D:1      | Reached XP level 3. HP: 23/35 MP: 6/6
   913 | D:2      | Slain by a gnoll

Illustrated notes

Levels and vault maps discovered:
D:1:      elethiomel_arrival_quiet, layout_basic, minmay_unequal
D:2:      layout_basic, evilmike_ruin_ashenzari,
          lemuel_zombie_altar_yredelemnul, chequers_ecumenical_altar_simple,
          lemuel_tele_altar

Action                   || total
-------------------------++-------
Melee: Hand axe          ||    57
       Bite              ||     4
Invok: Depart the Abyss  ||     1
  Use: Potion            ||     1
 Stab: Sleeping          ||     1
Armor: Leather armour    ||    34
Dodge: Dodged            ||    43
Block: Kite shield       ||    32

Table legend: (Time is in decaauts)
 A = Elapsed time spent in this place.
 B = Non-inter-level travel time spent in this place.
 C = Inter-level travel time spent in this place.
 D = Time resting spent in this place.
 E = Time spent auto-exploring this place.
 F = Levels seen in this place.
 G = Mean time per level.
                   A        B        C        D        E       F      G
               +--------+--------+--------+--------+--------+-----+--------+
         Total |    923 |    902 |     21 |     40 |    578 |   3 |  307.7 |
       Dungeon |    842 |    821 |     21 |     40 |    505 |   2 |  421.0 |
         Abyss |     81 |     81 |      0 |      0 |     73 |   1 |   81.0 |
               +--------+--------+--------+--------+--------+-----+--------+

Top non-repeatable levels by time:
     D:1: 803 daAuts
 Abyss:1: 81 daAuts
     D:2: 39 daAuts
